 Dungeon Crawl Stone Soup version 0.31-a0-237-g2d982f9f85 (webtiles) character file.

Game seed: 11464437932843112615

81 qw the Shooter (level 4, 0/36 HPs)
             Began as a Minotaur Hexslinger on July 11, 2023.
             Slain by a gnoll
             ... wielding a +0 spear
              (2 damage)
             ... on level 3 of the Dungeon.
             The game lasted 00:00:35 (1504 turns).

qw the Shooter (Minotaur Hexslinger)                Turns: 1504, Time: 00:00:35

Health: 0/36       AC:  7    Str: 12    XL:     4   Next: 20%
Magic:  4/4        EV: 11    Int: 10    God:
Gold:   64         SH:  0    Dex: 15    Spells: 4/5 levels left

rFire   . . .        Y - +1 sling
rCold   . . .        (no shield)
rNeg    . . .        e - +0 ring mail
rPois   .            a - +2 hat
rElec   .            (no cloak)
rCorr   .            (no gloves)
SInv    .            (no boots)
Will    .....        (no amulet)
Stlth   +            (no ring)
HPRegen 0.26/turn    (no ring)
MPRegen 0.09/turn

%: no passive effects
@: no status effects
A: horns 2, retaliatory headbutt
a: no special abilities


You were on level 3 of the Dungeon.
You visited 1 branch of the dungeon, and saw 3 of its levels.

You collected 64 gold pieces.


Innate Abilities, Weirdness & Mutations

You have a pair of horns on your head.
You reflexively headbutt those who attack you in melee.


   Skills:
 - Level 2.0 Fighting
 + Level 4.5 Ranged Weapons
 - Level 1.2 Armour
 - Level 2.1 Dodging
 - Level 1.0 Spellcasting
 - Level 2.0 Hexes


You had 4 spell levels left.
You knew the following spells:

 Your Spells              Type           Power      Damage    Failure   Level
a - Slow                  Hex            16%        N/A       34%         1

Your spell library contained the following spells:

 Spells                   Type           Power      Damage    Failure   Level
 Inner Flame              Hex/Fire       2%         N/A       83%         3
 Portal Projectile        Hex/Tloc       4%         N/A       83%         3
 Cause Fear               Hex            2%         N/A       98%         4

Inventory:

Hand Weapons
 Y - a +1 sling (weapon)
Armour
 a - a +2 hat (worn)
 e - a +0 ring mail (worn)
Wands
 c - a wand of digging (4)
Scrolls
 b - a scroll of revelation {unknown}
 f - a scroll of identify
Potions
 d - a potion of haste
 g - a potion of enlightenment
 h - a potion of might
 i - a potion of curing {unknown}
 j - a potion of degeneration {unknown}

Dungeon Overview and Level Annotations

Branches:
Dungeon (3/15)

Altars:


Message History

The gnoll throws a throwing net.
The throwing net barely misses you.
You shoot a sling bullet. The sling bullet hits the gnoll.
The gnoll is severely wounded.
The gnoll hits you but does no damage. x2
You shoot a sling bullet. The sling bullet hits the gnoll.
You kill the gnoll!
The gnoll hits you from afar with a +0 spear.
You have reached level 4!
You feel agile.
You shoot a sling bullet.
The sling bullet barely misses the gnoll.
The sling bullet closely misses the gnoll.
The gnoll closely misses you. The gnoll barely misses you.
The gnoll hits you but does no damage.
You shoot a sling bullet.
The sling bullet closely misses the gnoll.
The sling bullet hits the gnoll.
The gnoll is lightly wounded.
The gnoll barely misses you.
You shoot a sling bullet. The sling bullet hits the gnoll.
The gnoll is lightly wounded.
The gnoll closely misses you.
The gnoll hits you but does no damage. x2
You shoot a sling bullet.
The sling bullet barely misses the gnoll.
The gnoll hits you from afar with a +0 spear!
The gnoll hits you with a +0 whip. The gnoll misses you.
The gnoll barely misses you.
The gnoll hits you but does no damage. x2
You shoot a sling bullet. The sling bullet hits the gnoll.
The gnoll is heavily wounded.
The gnoll hits you but does no damage. The gnoll closely misses you.
You furiously retaliate!
You headbutt the gnoll. The gnoll hits you but does no damage.
You shoot a sling bullet. The sling bullet hits the gnoll.
You kill the gnoll!
The gnoll hits you from afar with a +0 spear!
The gnoll hits you with a +0 whip.
You shoot a sling bullet.
The sling bullet hits the gnoll but does no damage.
The gnoll is heavily wounded.
The gnoll hits you from afar with a +0 spear.
You die...

.# #.# .# #.#... ..#..
.#######># .. ..#.#
.........# .. ..#.###
####.##### <##.....#
#........# .......
#.##.#...### #)g..#
#.##.).....# #g..#.#
#.##.......####)@..#
#.##.......##.#.##......
#.####...###....########
.....[.............#
##########....#####..#
#### ##..## # ...# #+##
##.# ...#


You could see 2 gnolls.

Vanquished Creatures
  2 gnolls (D:3)
  3 adders
  A worm (D:2)
  6 ball pythons
  2 endoplasms
  2 giant cockroaches
  4 goblins
  2 hobgoblins (D:1)
  A quokka (D:2)
  6 bats
  A frilled lizard (D:1)
  4 rats
34 creatures vanquished.

Notes
Turn   | Place    | Note
-------+----------+-------------------------------------------
     0 | D:1      | qw the Minotaur Hexslinger began the quest for the Orb.
     0 | D:1      | Reached XP level 1. HP: 16/16 MP: 1/1
     0 | D:1      | 0 ||| qw: Version: 0.3-a-52-g30416fa
     0 | D:1      | 0 ||| qw: Game counter: 5795
     0 | D:1      | 0 ||| qw: Melee chars always use a shield: true
     0 | D:1      | 0 ||| qw: God list: Okawaru
     0 | D:1      | 0 ||| qw: Allow faded altars: false
     0 | D:1      | 0 ||| qw: Do Orc after clearing Dungeon:15 true
     0 | D:1      | 0 ||| qw: Do second Lair branch before Depths: true
     0 | D:1      | 0 ||| qw: Lair rune preference: random
     0 | D:1      | 0 ||| qw: Goals: Normal
     0 | D:1      | 0 ||| PLANNING D:1-11
   257 | D:1      | Reached skill level 3 in Ranged Weapons
   257 | D:1      | Reached XP level 2. HP: 23/23 MP: 2/2
   544 | D:1      | 544 ||| UPGRADING to +0 ring mail.
   554 | D:1      | 554 ||| DROPPING +0 robe.
   555 | D:1      | 555 ||| READING scroll labelled RIAXOKHUEFF.
   556 | D:1      | 556 ||| READING 2 scrolls labelled JAESADW XIEMA.
   557 | D:1      | 557 ||| READING scroll labelled HEUBLIR FITAE.
   558 | D:1      | 558 ||| DROPPING scroll of poison.
   882 | D:2      | Reached XP level 3. HP: 18/29 MP: 3/3
  1295 | D:2      | 1295 ||| UPGRADING to +2 hat.
  1300 | D:2      | 1300 ||| DROPPING +6 ring of intelligence.
  1301 | D:2      | 1301 ||| READING scroll labelled ZUEVAZYREUN.
  1305 | D:2      | 1305 ||| DRINKING 2 smoky black potions.
  1306 | D:2      | 1306 ||| READING 4 scrolls of identify.
  1306 | D:2      | 1306 ||| IDENTIFYING lumpy golden potion
  1307 | D:2      | 1307 ||| READING 3 scrolls of identify.
  1307 | D:2      | 1307 ||| IDENTIFYING golden potion
  1308 | D:2      | 1308 ||| READING 2 scrolls of identify.
  1308 | D:2      | 1308 ||| IDENTIFYING fuming dark potion
  1309 | D:2      | 1309 ||| DROPPING potion of magic.
  1328 | D:3      | Reached skill level 4 in Ranged Weapons
  1334 | D:3      | Reached skill level 1 in Armour
  1498 | D:3      | Reached XP level 4. HP: 21/36 MP: 4/4
  1503 | D:3      | HP: 7/36 [gnoll/+0 spear (7)]
  1503 | D:3      | HP: 2/36 [gnoll/+0 whip (5)]
  1504 | D:3      | Slain by a gnoll

Levels and vault maps discovered:
D:1:      saegor_arrival_simple_e, layout_loops_ring, serial_glass,
          glass_columns_a, glass_columns_a, minmay_strange_pillars
D:2:      layout_basic
D:3:      minmay_octagon_keep, layout_loops_cross, st_stairs_11,
          hangedman_decor_slide_cut, nicolae_concentric_dashed_squares_wild,
          item_on_display_a

Skill      XL: |  1  2  3 |
---------------+----------+-----
Ranged Weapons | 3 4 |  4.5
Fighting       | 2 |  2.0
Armour         | 1 |  1.2
Dodging        | |  2.1
Spellcasting   | |  1.0
Hexes          | |  2.0

Action                     |  1- 3 |  4- 6 || total
---------------------------+-------+-------++-------
   Fire: Sling             |   129 |     7 ||   136
    Use: Scroll            |     7 |       ||     7
         Potion            |     1 |       ||     1
 Armour: Robe              |     2 |       ||     2
         Ring mail         |    41 |     7 ||    48
  Dodge: Dodged            |    75 |     7 ||    82

Table legend:
 A = Non-vault XP
 B = Vault XP
 C = Vault XP percentage of total XP
 D = Non-vault monster count
 E = Vault monster count
 F = Vault count percentage of total count
                 A         B        C        D         E       F
            +---------+---------+-------+---------+---------+-------
      Total |      99 |      18 |  15.4 |      30 |       4 |  11.8
            +---------+---------+-------+---------+---------+-------
        D:1 |      13 |       0 |   0.0 |       8 |       0 |   0.0
        D:2 |      45 |       0 |   0.0 |      12 |       0 |   0.0
        D:3 |      41 |      18 |  30.5 |      10 |       4 |  28.6
            +---------+---------+-------+---------+---------+-------
